Map: Old Republic LE

Players

Arturoh - Winner!

  • Race: Terran Terran
  • League: Master
  • Spawn Location: 7:00

HoldTheDoor

  • Race: Protoss Protoss
  • League: Diamond
  • Spawn Location: 1:00

VOD

Have the link to the VOD?

Description

Time

  • Played on: May 25, 2026, 10:41 a.m.
  • Length: 11:15
Show
View Real Time Build Order
Export as new Build Order

Arturoh Terran - Winner!

Build Orders:  

Get SALT Encoding   

  12  0:00  SCV  
  13  0:13  SCV  
  14  0:18  Supply Depot  
  14  0:25  SCV  
  15  0:40  SCV  
  15  0:42  Barracks  
  16  0:46  Refinery  
  16  0:55  SCV  
  17  1:17  SCV  
  18  1:19  Refinery  
  18  1:31  Orbital Command  
  18  1:37  Marine  
  19  1:41  Supply Depot  
  19  1:47  Refinery  
  19  1:51  Barracks  
  19  2:01  SCV  
  19  2:02  Barracks Tech Lab  
  19  2:06  Barracks  
  20  2:22  Stimpack  
  20  2:28  SCV  
  21  2:34  Marauder  
  23  2:41  SCV  
  23  2:43  Barracks Reactor  
  24  2:48  Supply Depot  
  24  2:53  SCV  
  24  2:54  Barracks Tech Lab  
  24  2:56  Marauder  
  27  3:05  SCV  
  28  3:17  Combat Shield, Marine  
  29  3:21  Marine x2  
  29  3:22  Marine  
  32  3:30  Supply Depot  
  32  3:34  Marine  
  32  3:39  Marine x3  
  36  3:52  Marine  
  36  3:53  Supply Depot  
  37  3:57  Marine x3  
  40  4:04  Factory  
  40  4:05  Concussive Shells  
  40  4:11  Marauder  
  40  4:15  Marine  
  40  4:16  Marauder  
  45  4:21  SCV  
  46  4:26  Supply Depot  
  38  4:58  Marine  
  38  4:59  Marine x2, Starport, Marauder  
  43  5:01  Widow Mine  
  45  5:12  SCV  
  46  5:16  Marine  
  46  5:17  Marine x2  
  49  5:22  Command Center  
  49  5:29  Supply Depot  
  49  5:31  Engineering Bay  
  49  5:32  Marine  
  52  5:40  Factory Tech Lab  
  50  5:44  Barracks Reactor  
  50  5:46  Medivac x2  
  54  5:58  Terran Infantry Weapons Level 1  
  54  6:00  Supply Depot  
  54  6:02  Supply Depot  
  54  6:03  Marine x2  
  56  6:16  Barracks  
  56  6:18  Missile Turret  
  56  6:24  Medivac  
  58  6:34  Orbital Command  
  58  6:39  Medivac  
  60  6:45  Marine  
  60  6:46  Marauder  
  63  6:54  Marine x2  
  65  7:06  Supply Depot  
  65  7:08  Barracks Tech Lab  
  65  7:11  Marine  
  65  7:12  Engineering Bay  
  66  7:20  SCV x2  
  66  7:32  SCV x2  
  65  7:49  Terran Infantry Armor Level 1  
  65  7:50  Armory  
  65  7:51  Medivac x2  
  65  7:52  Marine x2, Marauder  
  65  7:55  SCV x2  
  60  8:43  Medivac  
  60  8:44  Medivac  
  61  8:49  Marine x3, Marauder x2  
  68  9:06  Marine  
  68  9:07  Marine, Marauder  
  72  9:11  Marauder x2  
  72  9:17  Refinery  
  76  9:18  Refinery  
  76  9:21  Command Center  
  76  9:24  Marine x2  
  76  9:29  Marauder  
  80  9:32  Marine, Marauder, Barracks x2  
  83  9:42  Marine  
  84  9:46  SCV  
  84  9:50  Marauder  
  84  9:51  Supply Depot  
  84  9:52  SCV  
  88  9:56  Marauder  
  88  9:58  SCV  
  88  9:59  Supply Depot  
  91  10:04  SCV  
  92  10:10  SCV  
  92  10:12  Marine x2, Marauder  
  92  10:13  Marauder  
  99  10:16  SCV  
  99  10:17  Marine  
  101  10:22  SCV  
  101  10:24  Barracks Tech Lab  
  101  10:26  Barracks Tech Lab  
  102  10:28  SCV  
  102  10:30  Marine x2  
  102  10:34  Marauder x2, SCV  
Show
View Real Time Build Order
Export as new Build Order

HoldTheDoor Protoss 

Build Orders: 1 Gate Expand 

Get SALT Encoding   

  12  0:00  Probe  
  13  0:12  Probe  
  14  0:21  Pylon  
  14  0:24  Probe  
  15  0:35  Probe  
  15  0:39  Gateway  
  16  0:43  Probe  
  16  0:47  Assimilator  
  17  0:53  Probe  
  18  1:03  Pylon  
  18  1:05  Probe  
  19  1:23  Probe  
  20  1:29  Cybernetics Core  
  20  1:37  Nexus  
  20  1:44  Pylon  
  20  1:46  Probe  
  21  1:56  Adept, Assimilator  
  21  1:58  Warp Gate, Probe  
  24  2:10  Probe  
  25  2:23  Probe  
  25  2:25  Adept  
  28  2:32  Shield Battery  
  28  2:35  Probe  
  29  2:57  Probe  
  30  2:59  Probe  
  30  3:04  Sentry  
  33  3:08  Pylon  
  33  3:15  Gateway  
  33  3:16  Gateway  
  33  3:22  Probe  
  34  3:27  Assimilator  
  34  3:29  Probe  
  35  3:34  Probe, Shield Battery  
  37  3:41  Probe  
  37  3:42  Pylon  
  37  3:47  Probe, Forge  
  38  3:49  Twilight Council  
  38  3:55  Probe  
  39  3:56  Robotics Facility  
  39  3:59  Probe  
  40  4:07  Probe  
  40  4:09  Zealot x2  
  45  4:11  Probe  
  46  4:19  Pylon  
  46  4:21  Shield Battery  
  46  4:38  Charge  
  46  4:39  Stalker x2  
  46  4:40  Stalker  
  46  4:43  Immortal  
  50  4:57  Probe  
  53  5:03  Stalker x2  
  53  5:05  Stalker  
  53  5:06  Protoss Ground Weapons Level 1  
  59  5:10  Assimilator  
  59  5:17  Photon Cannon  
  59  5:22  Observer  
  60  5:33  Probe x2  
  60  5:34  Pylon  
  62  5:35  Zealot  
  62  5:37  Sentry  
  62  5:38  Sentry, Pylon  
  68  5:45  Probe x2  
  70  5:57  Probe  
  70  6:03  Probe  
  72  6:05  Immortal  
  72  6:06  Zealot x2  
  72  6:07  Zealot  
  82  6:13  Pylon  
  82  6:26  Nexus  
  82  6:34  Robotics Bay  
  82  6:36  Probe  
  82  6:37  Probe  
  84  6:44  Photon Cannon  
  84  6:48  Probe, Stalker  
  84  6:53  Photon Cannon  
  87  6:57  Shield Battery  
  87  7:00  Pylon  
  87  7:06  Zealot  
  87  7:07  Pylon  
  89  7:10  Zealot  
  91  7:19  Stalker  
  79  7:38  Zealot x2  
  79  7:39  Probe  
  79  7:40  Probe  
  79  7:43  Colossus  
  91  7:52  Probe x3  
  94  8:01  Photon Cannon  
  94  8:03  Pylon  
  94  8:04  Probe x2  
  94  8:05  Pylon  
  96  8:06  Stalker x2  
  88  8:15  Stalker  
  62  8:39  Zealot  
  51  8:51  Probe  
  48  9:00  Pylon  
  47  9:03  Pylon  
  47  9:08  Pylon, Colossus, Probe x2  
  47  9:09  Probe, Pylon  
  50  9:12  Photon Cannon  
  50  9:15  Photon Cannon x2  
  50  9:16  Pylon  
  54  9:19  Photon Cannon, Pylon  
  54  9:21  Pylon  
  54  9:22  Photon Cannon  
  54  9:24  Probe x2  
  58  9:25  Probe  
  58  9:30  Pylon  
  59  9:36  Probe  
  60  9:42  Templar Archives  
  60  9:44  Pylon  
  60  9:46  Probe x2  
  60  9:48  Pylon  
  62  10:12  Zealot  
  62  10:14  Sentry x2  
  72  10:15  Probe  
  72  10:17  Probe  
  72  10:18  Probe  
  77  10:25  Photon Cannon  
  77  10:28  Probe  
  78  10:36  Gateway  
  78  10:37  Gateway  
  78  10:39  Zealot x2  
  78  10:41  High Templar  
  71  11:00  Zealot x2  
Tags
 
Add a new tag
Caveats
  • Supply blocks, unpowered buildings, or Contaminate may cause inaccurate times.
  • Supply counts are checked every 10 seconds.